 Dungeon Crawl Stone Soup version 0.22-a0-469-gf26638a71f (webtiles) character file.

98 Manul the Slasher (level 4, -3/33 HPs)
             Began as a Demonspawn Gladiator on June 12, 2018.
             Killed from afar by Natasha (7 damage)
             ... with a magic dart
             ... on level 2 of the Dungeon.
             The game lasted 00:02:21 (730 turns).

Manul the Slasher (Demonspawn Gladiator)             Turns: 730, Time: 00:02:22

Health: -3/33      AC:  6    Str: 14    XL:     4   Next: 44%
Magic:  4/4        EV: 14    Int: 10    God:
Gold:   67         SH:  0    Dex: 15    Spells: 3/3 levels left

rFire    + . .     SeeInvis .   a - +1 long sword
rCold    . . .     Gourm    .   (no shield)
rNeg     + . .     Faith    .   b - +0 leather armour
rPois    .         Spirit   .   c - +0 helmet
rElec    .         Reflect  .   (no cloak)
rCorr    .         Harm     .   (no gloves)
MR       .....                  k - +0 pair of boots
Stlth    +.........             (no amulet)
HPRegen  0.11/turn              h - +1 ring of evasion
MPRegen  0.09/turn              j - ring of positive energy (curse)

@: hasted and slowed
A: rugged brown scales 1, fire resistance 1
a: no special abilities


You were on level 2 of the Dungeon.
You were not hungry.

You visited 1 branch of the dungeon, and saw 2 of its levels.

You collected 67 gold pieces.

Inventory:

Hand Weapons
 a - a +1 long sword (weapon)
 i - a +2 dagger of flaming
Missiles
 d - 3 throwing nets (quivered)
Armour
 b - a +0 leather armour (worn)
 c - a +0 helmet (worn)
 k - a +0 pair of boots (worn)
Jewellery
 h - a +1 ring of evasion (left hand)
 j - a cursed ring of positive energy (right hand)
Scrolls
 e - 3 scrolls of remove curse {unknown}
 o - a scroll of noise
Comestibles
 f - 6 rations
 g - a chunk of flesh


   Skills:
 + Level 2.2 Fighting
 + Level 4.1 Long Blades
 + Level 1.8 Throwing
 + Level 0.6 Armour
 + Level 3.3 Dodging


You had 3 spell levels left.
You didn't know any spells.
Your spell library was empty.

Dungeon Overview and Level Annotations

Branches:
Dungeon (2/15)

Altars:

Annotations:
D:2 Natasha


Innate Abilities, Weirdness & Mutations

You are partially covered in rugged brown scales. (AC +1, +3% HP)
Your flesh is heat resistant. (rF+)


Message History

You are too injured to fight recklessly!
You are too injured to fight recklessly!
You are too injured to fight recklessly!
You are too injured to fight recklessly!
You are too injured to fight recklessly!
You are too injured to fight recklessly!
You closely miss Natasha.
Natasha is almost dead.
Natasha closely misses you. Natasha claws you.
You closely miss Natasha.
Natasha is severely wounded.
Natasha casts a spell at you. The magic dart hits you!
* * * LOW HITPOINT WARNING * * *
Natasha casts a spell at you. You resist with some effort.
It was a potion of haste.
You feel yourself speed up.
Natasha stares at you and mumbles some strange words.
The magic dart hits you!
You die...

..#.... .# #..
.<...##.# #.#
##.....#.. # #.#
##.......## #.# #.#
#.........# #... #.#
#...<...... #..##.#
#.........# #.....#
##.......## #..h@##
#......###
#.###.######.#.......
#. #.).........#####
#.###.#######.#.#####
#.....).....#.#......
###.#######.#.#..####
#.# #)#.#..###. ##.##
#.#.......# #...##
#.###..##.#


You could see Natasha.

Vanquished Creatures
  Natasha (D:2)
  Robin (D:2)
  An adder (D:2)
  An ooze (D:1)
  2 dart slugs (D:1)
  A leopard gecko (D:1)
  2 bats
  A giant cockroach (D:1)
  15 goblins
  A hobgoblin (D:1)
  7 jackals (D:1)
  3 kobolds (D:1)
  3 frilled lizards (D:1)
  2 rats (D:1)
41 creatures vanquished.

Notes
Turn   | Place    | Note
-------+----------+-------------------------------------------
     0 | D:1      | Manul the Demonspawn Gladiator began the quest for the Orb.
     0 | D:1      | Reached XP level 1. HP: 16/16 MP: 1/1
   125 | D:1      | Gained mutation: Your flesh is heat resistant. (rF+) [demonic ancestry]
   125 | D:1      | Reached XP level 2. HP: 21/22 MP: 2/2
   134 | D:1      | Reached skill level 3 in Long Blades
   342 | D:1      | Reached XP level 3. HP: 27/27 MP: 3/3
   627 | D:2      | Noticed Natasha
   634 | D:2      | Killed Natasha
   634 | D:2      | Gained mutation: You are partially covered in rugged brown scales. (AC +1, +3% HP) [demonic ancestry]
   634 | D:2      | Reached XP level 4. HP: 24/33 MP: 4/4
   654 | D:2      | Noticed Robin
   668 | D:2      | Reached skill level 4 in Long Blades
   673 | D:2      | Killed Robin
   719 | D:2      | Noticed Natasha
   730 | D:2      | Killed from afar by Natasha

Vault maps used:
D:1:      dpeg_arrival_tiny_i, nrook_loot_triangle
D:2:      uniq_natasha, uniq_robin

Skill      XL: |  1  2  3  4 |
---------------+-------------+-----
Dodging        | 3 |  3.3
Long Blades    | 3 4 |  4.1
Fighting       | |  2.2
Throwing       | |  1.8
Armour         | |  0.6

Action                   |  1- 3 |  4- 6 || total
-------------------------+-------+-------++-------
Melee: Long sword        |    89 |    43 ||   132
  Use: Scroll            |       |     3 ||     3
       Potion            |       |     2 ||     2
Armor: Leather armour    |    30 |     9 ||    39
Dodge: Dodged            |    92 |    24 ||   116
       Rpst.: Long sword |    18 |     6 ||    24

Table legend:
 A = Spawn XP
 B = Non-spawn XP
 C = Spawn XP percentage of total XP
 D = Spawn monster count
 E = Non-spawn monster count
 F = Spawn count percentage of total count
 G = Total turns spent on level
                    A         B        C        D         E        F      G
               +---------+---------+-------+---------+---------+-------+---------
         Total |       0 |     141 |   0.0 |       0 |      41 |   0.0 |   730
               +---------+---------+-------+---------+---------+-------+---------
           D:1 |       0 |      55 |   0.0 |       0 |      25 |   0.0 |   582
           D:2 |       0 |      86 |   0.0 |       0 |      16 |   0.0 |   148
               +---------+---------+-------+---------+---------+-------+---------
